Map: Jagannatha LE

Players

SKillous - Winner!

  • Race: Protoss Protoss
  • League: Grandmaster
  • Spawn Location: 7:00

goblin

  • Race: Protoss Protoss
  • League: Grandmaster
  • Spawn Location: 1:00

Event: DreamHack SC2 Masters 2020 Winter

VOD

Have the link to the VOD?

Description

Time

  • Played on: Oct. 25, 2020, 11:43 a.m.
  • Length: 6:22

All games in this series

Show
View Real Time Build Order
Export as new Build Order

SKillous Protoss - Winner!

Build Orders:  

Get SALT Encoding   

  12  0:00  Probe  
  13  0:12  Probe  
  14  0:18  Pylon  
  14  0:24  Probe  
  15  0:37  Probe (Chrono Boost)  
  15  0:39  Gateway  
  16  0:46  Probe (Chrono Boost)  
  16  0:47  Assimilator  
  17  0:51  Probe (Chrono Boost)  
  17  0:55  Assimilator  
  18  1:03  Probe (Chrono Boost)  
  19  1:11  Gateway  
  19  1:12  Probe (Chrono Boost)  
  19  1:17  Probe (Chrono Boost)  
  21  1:28  Cybernetics Core  
  21  1:29  Probe  
  22  1:35  Pylon  
  22  1:41  Probe  
  23  1:54  Gateway  
  24  2:05  Stalker  
  24  2:06  Stalker  
  24  2:07  Warp Gate (Chrono Boost)  
  27  2:15  Pylon  
  31  2:38  Stalker (Chrono Boost)  
  31  2:42  Stalker (Chrono Boost)  
  31  2:44  Stalker (Chrono Boost)  
  33  2:47  Pylon  
  32  3:03  Stalker  
  32  3:05  Stalker  
  36  3:11  Stalker  
  34  3:48  Stalker  
  34  3:49  Stalker x2  
  34  3:53  Pylon  
  38  4:15  Stalker x3  
  40  4:38  Stalker x3  
  44  5:03  Stalker x3  
  50  5:07  Twilight Council  
  51  5:21  Probe  
  51  5:40  Nexus, Sentry  
  53  5:50  Probe  
  53  5:54  Phoenix  
  54  6:03  Probe  
  55  6:08  Pylon  
Show
View Real Time Build Order
Export as new Build Order

goblin Protoss 

Build Orders: Phoenix Opening 

Get SALT Encoding   

  12  0:00  Probe  
  13  0:12  Probe  
  14  0:18  Pylon  
  14  0:24  Probe (Chrono Boost)  
  15  0:36  Probe (Chrono Boost)  
  15  0:37  Gateway  
  16  0:44  Probe (Chrono Boost)  
  16  0:46  Assimilator  
  17  0:51  Probe  
  17  0:54  Assimilator  
  18  1:03  Probe (Chrono Boost)  
  19  1:13  Probe (Chrono Boost)  
  19  1:18  Probe (Chrono Boost)  
  20  1:24  Cybernetics Core  
  21  1:29  Probe  
  22  1:41  Probe  
  23  1:49  Nexus  
  23  1:56  Pylon  
  23  2:06  Stargate  
  23  2:09  Warp Gate  
  23  2:17  Stalker  
  25  2:23  Probe  
  26  2:35  Shield Battery  
  26  2:41  Probe  
  27  2:48  Stalker, Phoenix (Chrono Boost)  
  31  3:01  Probe  
  31  3:03  Probe  
  33  3:08  Phoenix  
  35  3:13  Probe  
  36  3:29  Shield Battery  
  36  3:33  Phoenix (Chrono Boost)  
  38  3:50  Shield Battery  
  38  3:51  Probe x2  
  38  3:53  Pylon  
  38  3:55  Phoenix (Chrono Boost)  
  42  3:58  Stalker  
  43  4:04  Void Ray (Chrono Boost)  
  44  4:17  Shield Battery  
  44  4:27  Stalker  
  44  4:29  Probe x2  
  44  4:43  Void Ray (Chrono Boost)  
  45  4:58  Pylon  
  45  5:02  Stalker  
  45  5:06  Pylon  
  46  5:17  Pylon  
  46  5:20  Shield Battery  
  45  5:33  Pylon  
  45  5:37  Shield Battery  
  45  5:40  Shield Battery  
  45  5:47  Robotics Facility  
  45  5:54  Pylon x2  
  44  6:10  Gateway  
Tags
 
Add a new tag
Caveats
  • Supply blocks, unpowered buildings, or Contaminate may cause inaccurate times.
  • Supply counts are checked every 10 seconds.